 Dungeon Crawl Stone Soup version bcrawl-1.21.3 (webtiles) character file.

Game seed: 6333566690109754382

214 Flugslaktarn the Skirmisher (level 5, -7/34 HPs)
             Began as a Skeleton Archaeologist on Mar 30, 2020.
             Mangled by Menkaure (17 damage)
             ... on level 4 of the Dungeon.
             The game lasted 00:02:08 (4361 turns).

Flugslaktarn the Skirmisher (SkAc)                  Turns: 4361, Time: 00:02:09

Health: -7/34      AC: 15    Str: 19      XL:     5   Next: 59%
Magic:  0/5        EV:  7    Int: 10 (12) God:
Gold:   1346       SH:  0    Dex:  6 (7)  Spells: 4/4 levels left

rFire    . . .     SeeInvis .   n - +0 war axe
rCold    + . .     Gourm    .   (no shield)
rNeg     + + +     Faith    .   p - +0 plate armour
rPois    ∞         Spirit   +   c - +1 hat
rElec    .         Reflect  .   q - +0 cloak
rCorr    +         Harm     .   (no gloves)
MR       .....                  d - +1 pair of boots
Stlth    ..........             o - amulet of the acrobat
HPRegen  0.11/turn              k - ring of resist corrosion
MPRegen  0.09/turn              (no ring)

@: no status effects
A: no food or potions, cold resistance 1, deterioration 1, negative energy
resistance 3, torment resistance, unbreathing, magic shield, sturdy frame 1,
spell healing
a: no special abilities


You were on level 4 of the Dungeon.
You were not hungry.

You visited 1 branch of the dungeon, and saw 4 of its levels.

You collected 1346 gold pieces.

Inventory:

Hand Weapons
 a - a +0 whip
 j - a +0 trident of flaming
   (You found it on level 2 of the Dungeon)
 n - a +0 war axe (weapon)
   (You took it off an orc on level 3 of the Dungeon)
 r - a +1 antimagic hand axe
   (You found it on level 4 of the Dungeon)
Armour
 b - a +1 robe
 c - a +1 hat (worn)
 d - a +1 pair of boots (worn)
 p - a +0 plate armour (worn)
   (You found it on level 4 of the Dungeon)
 q - a +0 cloak (worn)
   (You found it on level 4 of the Dungeon)
Jewellery
 k - a ring of resist corrosion (left hand)
   (You found it on level 3 of the Dungeon)
 o - an amulet of the acrobat (around neck)
   (You found it on level 3 of the Dungeon)
Wands
 t - a wand of iceblast (5)
   (You found it on level 4 of the Dungeon)
Scrolls
 e - 5 scrolls of magic mapping
 f - 2 scrolls of enchant weapon {unknown}
 g - 3 scrolls of remove curse {unknown}
 h - 4 scrolls of identify {unknown}
 i - 4 scrolls of teleportation {unknown}
 l - 3 scrolls of fear {unknown}
 m - a scroll of amnesia {unknown}
 s - a scroll of enchant armour {unknown}


   Skills:
 * Level 4.7 Fighting
 * Level 1.6(1.9) Axes
 - Level 1.2(1.6) Maces & Flails
 + Level 2.5 Armour
 - Level 3.0 Dodging
 - Level 3.6 Stealth


You had 4 spell levels left.
You didn't know any spells.
Your spell library was empty.

Dungeon Overview and Level Annotations

Branches:
Dungeon (4/12)
 Temple: D:4-7

Altars:
Kikubaaqudgha

Annotations:
D:3 3 runed translucent doors, Mrkan's ghost, amateur TrFi
D:4 Menkaure; Sigmund


Innate Abilities, Weirdness & Mutations

You do not eat or drink.
You are immune to poison.
Your flesh is cold resistant. (rC+)
Your body sometimes deteriorates upon taking damage.
You are immune to negative energy. (rN+++)
You are immune to unholy pain and torment.
You can survive without breathing.
When hurt, damage is shared between your health and your magic reserves.
Your movements are slightly less encumbered by armour. (ER -2)
Casting spells heals you.


Message History

Menkaure is lightly damaged.
Menkaure closely misses you. Menkaure hits you.
Your body deteriorates!
You feel clumsy.
Your plate armour prevents you from hitting Menkaure.
Menkaure is lightly damaged.
Menkaure hits you!
You hit Menkaure.
Menkaure is moderately damaged.
Menkaure hits you but does no damage. Something hits you.
* * * LOW HITPOINT WARNING * * *
Menkaure closely misses you.
You slash Menkaure!
Menkaure is severely damaged.
Menkaure is no longer moving quickly.
Menkaure hits you but does no damage. Menkaure closely misses you.
You hit Menkaure but do no damage.
Menkaure is severely damaged.
Something hits you but does no damage. Menkaure hits you!!
Ouch! That really hurt!
You die...

#.# #.# #..M...
#.#######.##########..###.
#.#.............>.........
#.#.#.................##..
#.#.#.######.#######.###..
#.#.#.# ##.## #. #..
#.#.#.#####.#.## #.# #..
#.......##M###.## #.# #..
###.#.#.#@## ##.####.###..
#.#.#..## ##.##...##..
#.#.....## ##.##.....#..
###.#......###......#....#
#.....[..#..#..#.#.!...#.#
#......(.....#.#.##...##.#
#.......####.#.#.###.###.#
#.#.#.#.# #.#.#.#........
#.....#.# #.#.#.#.#.###.#


You could see Menkaure.

Vanquished Creatures
  A crimson imp (D:4)
  A worker ant (D:3)
  3 gnolls
  5 adders (D:3)
  A worm (D:2)
  A dart slug (D:2)
  A leopard gecko (D:4)
  7 orcs (D:3)
  6 giant cockroaches
  7 goblins
  9 hobgoblins
  3 jackals (D:2)
  4 quokkas
  2 bats (D:2)
  A frilled lizard (D:1)
  9 kobolds
  4 rats
65 creatures vanquished.

Vanquished Creatures (others)
  A human (D:2)
1 creature vanquished.

Grand Total: 66 creatures vanquished

Notes
Turn   | Place    | Note
-------+----------+-------------------------------------------
     0 | D:1      | Flugslaktarn the Skeleton Archaeologist began the quest for
                  | the Orb.
     0 | D:1      | Reached XP level 1. HP: 12/12 MP: 1/1
   659 | D:1      | Reached skill level 2 in Fighting
   664 | D:1      | Reached XP level 2. HP: 15/17 MP: 0/2
  1466 | D:2      | Reached skill level 3 in Fighting
  1466 | D:2      | Reached XP level 3. HP: 22/23 MP: 3/3
  1716 | D:2      | Found an ancient bone altar of Kikubaaqudgha.
  1718 | D:2      | Noticed a human
  1719 | D:2      | Killed a human
  2355 | D:3      | Noticed Mrkan's ghost (amateur TrFi)
  2359 | D:3      | Found a runed translucent gate.
  2359 | D:3      | Found a runed translucent gate.
  2359 | D:3      | Found a runed translucent gate.
  2406 | D:3      | Reached skill level 1 in Armour
  2730 | D:3      | Reached XP level 4. HP: 3/28 MP: 1/4
  3027 | D:3      | Reached skill level 4 in Fighting
  3158 | D:3      | Reached XP level 5. HP: 27/34 MP: 1/5
  3158 | D:3      | Identified a scroll of acquirement
  3747 | D:3      | Reached skill level 1 in Axes
  4287 | D:4      | Noticed Sigmund
  4319 | D:4      | Noticed Menkaure
  4361 | D:4      | Mangled by Menkaure

Skill      XL: |  1  2  3  4  5 |
---------------+----------------+-----
Fighting       | 2 3 4 |  4.7
Armour         | 1 2 |  2.5
Axes           | 1 |  1.6
Maces & Flails | |  1.2
Dodging        | |  3.0
Stealth        | |  3.6

Action                   |  1- 3 |  4- 6 || total
-------------------------+-------+-------++-------
Melee: Whip              |    80 |       ||    80
       Trident           |   138 |    85 ||   223
       War axe           |       |    18 ||    18
  Use: Scroll            |       |     1 ||     1
 Stab: Sleeping          |     6 |     3 ||     9
Armor: Robe              |   101 |    27 ||   128
       Plate armour      |       |    11 ||    11
Dodge: Dodged            |   195 |    99 ||   294
